 Dungeon Crawl Stone Soup version 0.29.0-11-gd7f09526c8 (webtiles) character file.

Game seed: 4846312958770396679

254 GigaChad the Slasher (level 5, -1/47 HPs)
             Began as a Minotaur Cinder Acolyte on Aug 31, 2022.
             Was a High Priest of Ignis.
             Succumbed to a scorpion's poison
             ... on level 4 of the Dungeon on Sept 6, 2022.
             The game lasted 00:08:26 (4146 turns).

GigaChad the Slasher (Minotaur Cinder Acolyte)      Turns: 4146, Time: 00:08:27

Health: -1/47      AC:  3    Str: 21    XL:     5   Next: 91%
Magic:  5/5        EV: 11    Int: 11    God:    Ignis [*****.]
Gold:   163        SH:  0    Dex:  5    Spells: 6/6 levels left

rFire   + . .      SeeInvis +   t - +0 scythe
rCold   . . .      Faith    .   (shield currently unavailable)
rNeg    + . .      Spirit   .   u - +1 robe {rN+}
rPois   .          Reflect  .   (helmet restricted)
rElec   .          Harm     .   (no cloak)
rCorr   .          Rampage  .   (no gloves)
Will    .....                   (no boots)
Stlth   +.........              (no amulet)
HPRegen 0.15/turn               m - ring of see invisible
MPRegen 0.09/turn               (no ring)

@: lethally poisoned (-1 -> -10)
A: horns 2, retaliatory headbutt
a: Renounce Religion, Fiery Armour, Foxfire Swarm, Rising Flame


You were on level 4 of the Dungeon.
You worshipped Ignis.
Ignis was extremely pleased with you.
You visited 1 branch of the dungeon, and saw 4 of its levels.

You collected 163 gold pieces.

Inventory:

Hand Weapons
 a - a -1 falchion of flaming
 q - a -2 sling
 t - a +0 scythe (weapon)
Missiles
 l - 5 poisoned darts (quivered)
Armour
 b - a +0 robe
 p - the +5 ring mail of Follow the Leader {Will+ Str-5 Int+5}
   (You found it on level 3 of the Dungeon)

   Str:       It affects your strength (-5).
   Int:       It affects your intelligence (+5).
   Will:      It increases your willpower.
 u - a +1 robe of positive energy (worn)
Jewellery
 m - a ring of see invisible (left hand)
Wands
 s - a wand of mindburst (12)
Scrolls
 c - a scroll of teleportation
 f - 3 scrolls of blinking
 g - a scroll of torment {unknown}
 n - a scroll of magic mapping
 o - a scroll of fog
 r - a scroll of identify
Potions
 d - a potion of berserk rage {unknown}
 e - a potion of attraction {unknown}
 h - 2 potions of curing {unknown}
 i - a potion of resistance {unknown}
 j - a potion of degeneration {unknown}
 k - a potion of mutation {unknown}


   Skills:
 + Level 4.8 Fighting
 + Level 5.4 Long Blades
 + Level 2.9 Dodging
 + Level 1.5 Stealth
 + Level 1.0 Spellcasting
 + Level 2.5 Fire Magic


You had 6 spell levels left.
You didn't know any spells.
Your spell library contained the following spells:

 Spells                   Type           Power      Damage    Failure   Level
 Scorch                   Fire           12%        2d5       17%         2
 Blink                    Tloc           0%         N/A       43%         2
 Gell's Gravitas          Tloc           0%         N/A       67%         3
 Lesser Beckoning         Tloc           0%         N/A       67%         3
 Teleport Other           Tloc           0%         N/A       67%         3
 Borgnjor's Vile Clutch   Necr/Erth      0%         N/A       100%        5
 Manifold Assault         Tloc           0%         N/A       100%        5
 Summon Forest            Summ/Tloc      0%         N/A       100%        5
 Storm Form               Tmut/Air       0%         N/A       100%        7
 Lehudib's Crystal Spear  Conj/Erth      0%         10d2      100%        8


Dungeon Overview and Level Annotations

Branches:
Dungeon (4/15)
 Temple: D:4-7

Altars:
Ashenzari

Shops:
D:3 !?(


Innate Abilities, Weirdness & Mutations

You have a pair of horns on your head.
You reflexively headbutt those who attack you in melee.


Message History

The scorpion poisons you!
You closely miss the scorpion.
The scorpion is severely wounded.
You feel very sick. The scorpion closely misses you. x2
You barely miss the scorpion. Your headbutt misses the scorpion.
The scorpion is severely wounded.
You feel very sick. The scorpion stings you.
You closely miss the scorpion. Your headbutt misses the scorpion.
The scorpion is severely wounded.
You feel very sick. The scorpion stings you. The scorpion misses you.
You hit the scorpion but do no damage. Your headbutt misses the scorpion.
The scorpion is severely wounded.
You feel sick. The scorpion stings you. The scorpion closely misses you.
You hit the scorpion.
You headbutt the scorpion, but do no damage.
The scorpion is severely wounded.
You feel sick. The scorpion barely misses you.
The scorpion stings you but does no damage.
You closely miss the scorpion.
The scorpion is severely wounded.
You feel sick. The scorpion stings you.
* * * LOW HITPOINT WARNING * * *
You are lethally poisoned!
The scorpion poisons you! The scorpion barely misses you.
You furiously retaliate!
You headbutt the scorpion, but do no damage.
Unknown command.
Unknown command.
Unknown command.
You closely miss the scorpion.
The scorpion is severely wounded.
* * * LOW HITPOINT WARNING * * *
You feel very sick.
The scorpion stings you but does no damage.
You hit the scorpion.
The scorpion is almost dead.
You die...

##..>....#..##...##
#.......#.####....#
########.####.....#
##..## #......#
##..## ##....##
##..### #....#
###.....# ##...#
#.......## #..##
#.......@.# ##.#
#........s.# ###
#............#
#........[....#
...............#
.#.............#
#..............
..........###


You could see a scorpion.

Vanquished Creatures
  Sigmund (D:4)
  3 adders
  A worm (D:3)
  A dart slug (D:2)
  5 orcs (D:3)
  6 ball pythons
  3 endoplasms
  2 giant cockroaches
  5 goblins
  9 hobgoblins
  3 jackals (D:2)
  2 kobolds (D:2)
  9 bats
  4 frilled lizards
  2 rats
56 creatures vanquished.

Vanquished Creatures (others)
  3 foxfires (D:2)
3 creatures vanquished.

Grand Total: 59 creatures vanquished

Notes
Turn   | Place    | Note
-------+----------+-------------------------------------------
     0 | D:1      | GigaChad the Minotaur Cinder Acolyte began the quest for
                  | the Orb.
     0 | D:1      | Reached XP level 1. HP: 19/19 MP: 1/1
   677 | D:1      | Got the Tome of Silt and Peregrination
   705 | D:1      | Reached XP level 2. HP: 19/27 MP: 2/2
   712 | D:1      | Reached skill level 4 in Long Blades
   730 | D:1      | Upgraded the game from 0.29.0-7-g18a832c13a to
                  | 0.29.0-11-gd7f09526c8
  1779 | D:2      | Reached XP level 3. HP: 26/33 MP: 3/3
  2234 | D:2      | Reached skill level 1 in Dodging
  2774 | D:3      | Reached XP level 4. HP: 13/41 MP: 4/4
  3153 | D:3      | Found Wuepra's Antique Weapon Emporium.
  3282 | D:3      | Identified the +5 ring mail of Follow the Leader {Will+
                  | Str-5 Int+5}
  3457 | D:3      | Found a broken altar of Ashenzari.
  3509 | D:3      | Found Cosofase's Magic Scroll Shoppe.
  3545 | D:3      | Found a faded altar of an unknown god.
  3569 | D:3      | Found Sooddock's Distillery.
  4025 | D:4      | Noticed Sigmund
  4037 | D:4      | Killed Sigmund
  4038 | D:4      | Reached skill level 5 in Long Blades
  4038 | D:4      | Reached skill level 1 in Stealth
  4038 | D:4      | Reached XP level 5. HP: 47/47 MP: 5/5
  4145 | D:4      | HP: 1/47 [poisoned by a scorpion]
  4146 | D:4      | Succumbed to a scorpion's poison

Illustrated notes

Levels and vault maps discovered:
D:1:      lightli_molten_gateway, layout_basic, minmay_misc_feat_columns
D:2:      layout_loops_ring, kennysheep_generic_room_9
D:3:      layout_basic, mainiacjoe_overflow_small_starburst,
          ebering_ecumenical_altar_rust, serial_shops, shop, nicolae_shop_trees,
          nicolae_square_shop, grunt_ministairs_6
D:4:      layout_cave_pods, nicolae_wu_jian_wuxing_cycle, serial_shops,
          nicolae_shop_statue_plus, uniq_sigmund

Skill      XL: |  1  2  3  4 |
---------------+-------------+-----
Fighting       | 4 |  4.8
Long Blades    | 4 5 |  5.4
Dodging        | 1 2 |  2.9
Stealth        | 1 |  1.5
Spellcasting   | |  1.0
Fire Magic     | |  2.5

Action                   |  1- 3 |  4- 6 || total
-------------------------+-------+-------++-------
Melee: Falchion          |   114 |    50 ||   164
       Headbutt          |    12 |    12 ||    24
       Punch             |     1 |       ||     1
       Halberd           |       |    10 ||    10
Invok: Foxfire Swarm     |     1 |       ||     1
  Use: Scroll            |     5 |     2 ||     7
Armor: Robe              |    42 |    11 ||    53
Dodge: Dodged            |   109 |    43 ||   152
